 Dungeon Crawl Stone Soup version 0.31-a0-60-g62046a28e0 (webtiles) character file.

Game seed: 17445409701515952948

11 Escartes the Grave Robber (level 2, -2/17 HPs)
             Began as a Human Necromancer on May 22, 2023.
             Was a Follower of Hepliaklqana.
             Frozen to death by an endoplasm (5 damage)
             ... on level 1 of the Dungeon.
             The game lasted 00:05:01 (363 turns).

Escartes the Grave Robber (Human Necromancer)        Turns: 363, Time: 00:05:02

Health: -2/17      AC:  2    Str:  8    XL:     2   Next: 40%
Magic:  5/5        EV: 12    Int: 15    God:    Hepliaklqana [*.....]
Gold:   37         SH:  0    Dex: 13    Spells: 4/5 levels left

rFire   . . .        e - +2 dagger (vamp)
rCold   . . .        (no shield)
rNeg    . . .        a - +0 robe
rPois   .            (no helmet)
rElec   .            (no cloak)
rCorr   .            (no gloves)
SInv    .            (no boots)
Will    .....        (no amulet)
Stlth   ++           (no ring)
HPRegen 0.22/turn    (no ring)
MPRegen 0.09/turn

%: no passive effects
@: no status effects
A: reduced essence
a: Renounce Religion, Recall Ancestor, Ancestor Identity


You were on level 1 of the Dungeon.
You worshipped Hepliaklqana.
Hepliaklqana was aware of your devotion.
You visited 1 branch of the dungeon, and saw 1 of its levels.

You collected 37 gold pieces.

Inventory:

Hand Weapons
 c - a +0 short sword
 e - a +2 vampiric dagger (weapon)
Missiles
 d - 14 stones
Armour
 a - a +0 robe (worn)
Potions
 b - a potion of magic


   Skills:
 + Level 2.0 Dodging
 + Level 2.1 Stealth
 + Level 2.2 Spellcasting
 + Level 4.3 Necromancy


You had 4 spell levels left.
You knew the following spells:

 Your Spells              Type           Power      Damage    Failure   Level
a - Necrotise             Necr           56%        1d6       3%          1

Your spell library contained the following spells:

 Spells                   Type           Power      Damage    Failure   Level
 Vampiric Draining        Necr           14%        2d7       11%         3
 Animate Dead             Necr           14%        N/A       36%         4
 Agony                    Necr           14%        N/A       71%         5


Dungeon Overview and Level Annotations

Branches:
Dungeon (1/15)

Altars:
Hepliaklqana


Message History

Things that are here:
a +0 whip; a kobold corpse The hobgoblin attacks as you move away!
The hobgoblin misses you. The bat hits you. The goblin misses you.
The bat closely misses you.
An endoplasm comes into view.
Zimri-Dagan hits the goblin.
The goblin barely misses you. The bat misses you.
The goblin attacks as you move away! The goblin barely misses you.
The bat hits you but does no damage.
Zimri-Dagan barely misses the goblin.
Zimri-Dagan misses the bat.
You barely miss the goblin.
The goblin is moderately wounded.
The bat closely misses you. The goblin hits you with a +0 club.
The bat hits you but does no damage.
You hit the goblin.
You kill the goblin!
The bat hits you but does no damage. The hobgoblin closely misses you.
The bat closely misses Zimri-Dagan.
Zimri-Dagan misses the frilled lizard.
The hobgoblin hits you but does no damage.
The goblin hits you with a +0 club.
Things that are here:
a +0 club; a goblin corpse You barely miss the frilled lizard.
The bat hits Zimri-Dagan.
Zimri-Dagan hits the bat.
The bat hits Zimri-Dagan.
The frilled lizard bites you.
The endoplasm hits Zimri-Dagan.
The hobgoblin hits you.
* * * LOW HITPOINT WARNING * * *
The goblin closely misses you.
You hit the frilled lizard.
You kill the frilled lizard!
The bat completely misses you.
Zimri-Dagan hits the bat.
The bat dies!
The hobgoblin hits you but does no damage.
The goblin barely misses you.
The goblin hits Zimri-Dagan with a +0 club.
Zimri-Dagan closely misses the hobgoblin.
The goblin hits Zimri-Dagan with a +0 club.
Zimri-Dagan is destroyed!
The endoplasm freezes you.
You are frozen.
You die...

#######.......##.........#
#.......##.###.#####
#.###....#.# #.# ###.#
#......# #.# #...#
#...#..###.# ### ###.###
#...#....#.###..
####...#####...#....#.#...
...........#...#....+...##
♣♣♣[♣♣♣##..#.###@...#....#
. ♣⌠♣ #....# #.J....>#.#..
♣♣♣.♣♣♣♣♣...##
#g)..†.....).
.⌠.<.⌠.....##
#..g......##$ ♣♣♣.♣♣♣♣♣..#
#....).....# ♣⌠♣ #..#
#..........# ♣.♣ #..#
#.............. ...
...#...###.........# ###
.....## #..........


You could see an endoplasm, a hobgoblin and a goblin.

Vanquished Creatures
  An endoplasm (D:1)
  2 goblins (D:1)
  A hobgoblin (D:1)
  A frilled lizard (D:1)
  A kobold (D:1)
6 creatures vanquished.

Vanquished Creatures (collateral kills)
  A ball python (D:1)
  An endoplasm (D:1)
  2 bats (D:1)
4 creatures vanquished.

Vanquished Creatures (others)
  An ancestor (D:1)
1 creature vanquished.

Grand Total: 11 creatures vanquished

Notes
Turn   | Place    | Note
-------+----------+-------------------------------------------
     0 | D:1      | Escartes the Human Necromancer began the quest for the Orb.
     0 | D:1      | Reached XP level 1. HP: 13/13 MP: 3/3
   207 | D:1      | Found a faded altar of an unknown god.
   213 | D:1      | Prayed at the altar of an unknown god.
   213 | D:1      | Became a worshipper of Hepliaklqana the Forgotten
   213 | D:1      | Reached * piety under Hepliaklqana
   328 | D:1      | Reached XP level 2. HP: 17/17 MP: 5/5
   363 | D:1      | Frozen to death by an endoplasm

Illustrated notes

Levels and vault maps discovered:
D:1:      scummos_arrival_forest, layout_basic,
          hellmonk_ecumenical_altar_leap_of_faith, serial_bayou_pond_c,
          minmay_hexomino_r4

Action                     || total
---------------------------++-------
  Melee: Short sword       ||     8
         Dagger            ||     9
    Use: Scroll            ||     1
   Stab: Sleeping          ||     1
 Armour: Robe              ||     8
  Dodge: Dodged            ||    24

Table legend: (Time is in decaauts)
 A = Elapsed time spent in this place.
 B = Non-inter-level travel time spent in this place.
 C = Inter-level travel time spent in this place.
 D = Time resting spent in this place.
 E = Time spent auto-exploring this place.
 F = Levels seen in this place.
 G = Mean time per level.
                   A        B        C        D        E       F      G
               +--------+--------+--------+--------+--------+-----+--------+
         Total |    362 |     63 |    299 |      0 |      0 |   1 |  362.0 |
       Dungeon |    362 |     63 |    299 |      0 |      0 |   1 |  362.0 |
               +--------+--------+--------+--------+--------+-----+--------+

Top non-repeatable levels by time:
     D:1: 362 daAuts
